 Dungeon Crawl Stone Soup version 0.17.0-25-gefc9c12 (webtiles) character file.

77 Raultor the Insei (level 4, -5/29 HPs)
             Began as an Octopode Transmuter on Nov 18, 2015.
             Slain by a worm (12 damage)
             ... on level 3 of the Dungeon.
             The game lasted 00:03:19 (1783 turns).

Raultor the Insei (Octopode Transmuter)             Turns: 1783, Time: 00:03:19

Health: -5/29      AC:  1    Str: 10    XL:     4   Next: 33%
Magic:  7/7        EV: 13    Int: 15    God:
Gold:   102        SH:  0    Dex: 12    Spells: 1 memorised, 6 levels left

rFire  . . .     SeeInvis .       - Unarmed
rCold  . . .     Clarity  .     (no shield)
rNeg   . . .     SustAt   .     (helmet restricted)
rPois  .         Gourm    .     (no amulet)
rElec  .         Spirit   .     (no ring)
rCorr  .         Warding  .     (no ring)
rMut   .         Stasis   .     (no ring)
MR     +....                    (no ring)
Stlth  ++........               (no ring)
                                (no ring)
                                (no ring)
                                (no ring)

@: lethally poisoned (-5 -> -8), somewhat resistant to hostile enchantments,
unstealthy
A: almost no armour, amphibious, 8 rings, constrict 8, camouflage 1, magic
resistance 1, gelatinous body 1
a: no special abilities


You were on level 3 of the Dungeon.
You were not hungry.

You visited 1 branch of the dungeon, and saw 3 of its levels.

You collected 102 gold pieces.

Inventory:

Missiles
 a - 12 arrows
 g - 109 stones (quivered)
Scrolls
 f - a scroll of amnesia {unknown}
 i - 3 scrolls of remove curse {unknown}
 n - a scroll of fear {unknown}
 q - a scroll of fog {unknown}
Books
 b - a book of Changes

   Spells                             Type                      Level
   a - Beastly Appendage              Transmutation                1
   b - Sticks to Snakes               Transmutation                2
   c - Spider Form                    Transmutation/Poison         3
   d - Ice Form                       Ice/Transmutation            4
   e - Blade Hands                    Transmutation                5
Comestibles
 c - 2 bread rations
 h - 2 meat rations
 m - 3 fruits
 p - a beef jerky
 r - a chunk of flesh


   Skills:
 + Level 1.7 Fighting
 + Level 2.9 Dodging
 - Level 0.4 Stealth
 + Level 4.0 Unarmed Combat
 - Level 2.0 Spellcasting
 + Level 2.1 Transmutations


You had 6 spell levels left.
You knew the following spells:

 Your Spells              Type           Power        Failure   Level  Hunger
a - Beastly Appendage     Trmt           #.....       12%         1    #......


Dungeon Overview and Level Annotations

Branches:
Dungeon (3/15)

Altars:
Yredelemnul


Innate Abilities, Weirdness & Mutations

You cannot wear most types of armour.
You are amphibious.
You can wear up to eight rings at the same time.
You can use your tentacles to constrict eight enemies at once.
Your skin changes colour to match your surroundings (Stealth).
Your rubbery body absorbs attacks (AC +1).
You are resistant to hostile enchantments.


Message History

The kobold unwields an uncursed blowgun.
The kobold misses you.
You bludgeon the kobold!
You kill the kobold!
You feel sick.
Items here: ( ) †† an uncursed blowgun; 17 poisoned needles; a kobold corpse; a giant gecko corpse You tentacle-slap the worm but do no damage.
You grab the worm. You constrict the worm. The worm bites you.
* * * LOW HITPOINT WARNING * * *
Your magical contamination has completely faded away.
You are too injured to fight recklessly!
You are too injured to fight recklessly!
You tentacle-slap the worm. x2
The worm is moderately wounded.
You constrict the worm.
You feel sick.
You barely miss the worm.
The worm is heavily wounded.
You constrict the worm. The worm bites you!
You die...

#### #..
#########.#
##...†...#.#
#..####....#
..## ###..##
.#####
##..##### #
.#...#
##.....##.##...
....##
##..(.@w.....#
..###
#..#.##.##..#
.## +..#.# #
..# #.##.# ....
#.##.# .#...
...... .#####
....... ..
..###.# #. ...


You could see a worm.

Vanquished Creatures
  3 adders
  3 giant geckos
  An orc (D:3)
  4 giant cockroaches
  5 goblins
  5 hobgoblins
  8 bats
  2 giant newts
  9 kobolds
  6 rats
46 creatures vanquished.

Notes
Turn   | Place    | Note
--------------------------------------------------------------
     0 | D:1      | Raultor the Octopode Transmuter began the quest for the Orb.
     0 | D:1      | Reached XP level 1. HP: 13/13 MP: 3/3
    87 | D:1      | Reached XP level 2. HP: 5/18 MP: 5/5
   802 | D:1      | Reached XP level 3. HP: 15/23 MP: 6/6
  1271 | D:2      | Reached skill level 4 in Unarmed Combat
  1361 | D:2      | Found a basalt altar of Yredelemnul.
  1458 | D:2      | Reached XP level 4. HP: 28/28 MP: 7/7
  1700 | D:2      | Gained mutation: You are resistant to hostile enchantments. [potion of beneficial mutation]
  1783 | D:3      | Slain by a worm

Action                   |  1- 3 |  4- 6 || total
-------------------------+-------+-------++-------
Melee: Unarmed           |    93 |    21 ||   114
  Use: Potion            |       |     6 ||     6
 Stab: Sleeping          |     9 |     1 ||    10
       Distracted        |     1 |       ||     1
  Eat: Chunk             |     2 |     1 ||     3
